[Event "10th Cherry Blossom Classic 2023"]
[Site "Dulles"]
[Date "2023.05.29"]
[Round "7.18"]
[White "Ling, Evan"]
[Black "Prem, Pranav"]
[Result "1-0"]
[ECO "D35"]
[WhiteElo "1952"]
[BlackElo "2061"]
[Annotator "TA"]
[PlyCount "189"]
[EventDate "2023.05.24"]
[EventType "swiss"]
[EventCountry "USA"]
[SourceTitle "playchess.com"]
[Source "ChessBase"]
[SourceQuality "1"]
[TimeControl "5400+30"]

1. d4 d5 2. c4 e6 3. Nc3 Nf6 4. Nf3 Be7 5. cxd5 exd5 6. Bf4 c6 7. e3 Nbd7 8. h3 O-O 9. Bd3 Re8 10. Bh2 {[%emt 0:00:50] D35: Queen's Gambit Declined: Exchange Variation.} Nf8 11. O-O Bd6 12. Ne5 {[%emt 0:00:27] White has an edge.} N6d7 13. f4 f6 14. Ng4 {[%emt 0:03:08] [#]} b5 $146 ({Predecessor:} 14... h5 15. Ne5 fxe5 16. fxe5 Bxe5 17. dxe5 Nxe5 18. Rxf8+ Kxf8 19. Qxh5 Nxd3 20. Rf1+ Kg8 21. Qf7+ Kh8 22. Qh5+ Kg8 23. Qf7+ Kh8 {½-½ Alekhine,A-Vidmar,M New York International Masters-02 1927 (13)}) 15. e4 (15. Rf3 $11) 15... b4 $17 16. e5 bxc3 17. exd6 cxb2 18. Rb1 Qb6 (18... Rb8 $5 19. Bg3 Qa5 $17) 19. Kh1 Qb4 (19... Qxd4 $2 20. Bxh7+ Kxh7 21. Qxd4 $18) (19... Rb8 $5 ) 20. Rf2 (20. Qc2 $5) 20... Qxd6 (20... Kh8 {seems wilder.} 21. Rfxb2 Qxd4 22. Rc2 c5) 21. Rfxb2 Nb6 22. f5 Qd7 23. Qf3 (23. Bg1 $11) 23... Nc4 $15 24. Qg3 Kh8 $1 25. Rf2 a5 26. Qh4 Qf7 27. Bf4 Ba6 28. Qg3 Qa7 29. Bh6 Qf7 ({Of course not} 29... gxh6 $6 30. Nxf6 (30. Bxc4 dxc4 31. Nxf6 Qg7 $15) 30... Qg7 31. Qxg7+ Kxg7 32. Nxe8+ Rxe8 33. f6+ Kh8 34. a4 $11) 30. Bf4 Ra7 (30... a4 $17) 31. Rff1 Rb7 32. Rxb7 Qxb7 33. Re1 {[%emt 0:00:32] Prevents Qe7} Qd7 34. Kh2 Rxe1 35. Qxe1 Qd8 36. Qe2 Bb5 37. a4 $1 Ba6 38. h4 Bc8 39. g3 Bd7 40. Bxc4 dxc4 41. Ne3 c3 42. Qc4 Qe7 {[%emt 0:00:51] Prevents Bd6.} (42... c5 $11) 43. Qxc3 $16 {[%emt 0:00:07] White is more active.} Qb4 44. Qxb4 axb4 {[%emt 0:00:02][%mdl 4096] Endgame KBN-KBN} 45. a5 Bc8 46. Nc4 Ba6 47. Nd2 Nd7 48. Bd6 g6 (48... Be2 $16 49. Kg2 (49. Bxb4 Nb8 $16) 49... g6) 49. fxg6 $18 ({Don't do} 49. Bxb4 $6 gxf5 50. Kg1 Kg7 $16) 49... hxg6 50. Bxb4 Bb5 (50... f5 $16 51. Nf3 Kg8) 51. g4 Kg7 52. Kg3 Be2 53. Kf4 Kf7 54. Ne4 Nb8 55. Ng3 Bd3 (55... Bd1 {keeps fighting.} 56. Ne4 Na6) 56. h5 g5+ $2 (56... Kg7 57. Ne4 gxh5 58. gxh5 Na6) 57. Kf3 Bc2 58. Nf5 Bd1+ 59. Kg3 Be2 60. Bc5 Bd1 $2 (60... Na6 61. Nd6+ Kg8) 61. Bb6 (61. h6 $142 {White threatens h7 and mate.} Kg6 62. Be7) 61... Na6 $2 (61... Be2 62. Bd8 Nd7 63. Nd6+ Kg7) 62. Bd8 Bc2 63. h6 {[%emt 0:01:22] Intending h7 and mate.} Kg6 64. Ne7+ $2 (64. Bxf6 Bd3 65. Bxg5) 64... Kxh6 {[%emt 0:00:02] [#]} 65. Nxc6 (65. Ng8+ $1 $18 {is more deadly.} Kg6 66. Nxf6) 65... Be4 66. Ne7 {[%emt 0:00:18] Strongly threatening Ng8+.} Nb4 $2 (66... Kg7 $16) 67. Ng8+ {[%emt 0:00:07][%mdl 64] Discovered Attack} Kg6 68. Nxf6 ({Not} 68. Bxf6 Kf7 $11) 68... Bb7 69. Nd7 {[%emt 0:00:19] And now Ne5+ would win.} Na6 $2 (69... Nc6) 70. Ne5+ Kh6 (70... Kg7 $142 71. Bxg5 Nc7) 71. Nf7+ Kg6 72. Nxg5 Nb4 73. Ne6 {[%emt 0:00:20] Bb6 is the strong threat.} Bc8 74. Nc5 Kf7 75. Bb6 Kf6 76. Ne4+ Kg6 77. Nc3 Bb7 (77... Kf6 $142 78. Ne4+ Kg6) 78. Nb5 Kg5 79. Bd8+ Kg6 80. Kh4 {[%emt 0:00:08] Hoping for Bb6.} Ba6 81. Nc7 {[%emt 0:00:36] Threatens to win with Nxa6.} Bb7 $2 {[%emt 0:00:04] [#]} (81... Bc4 82. Kg3 Kf7) 82. d5 $1 {[%emt 0:01:40] aiming for d6.} Nxd5 (82... Na6 83. d6) 83. Nxd5 $2 (83. a6 Bc6 84. Ne6) 83... Bxd5 {[%emt 0:00:02] KB-KB} 84. Kg3 Kf7 85. Kf4 (85. g5 $18) 85... Ke6 86. a6 {[%emt 0:00:35] Threatening mate with g5.} Kd6 $2 {[%emt 0:01:43][%mdl 8192] [#]} (86... Kd7 $16) 87. g5 $1 {[%emt 0:01:08][%cal Bg4g5,Bg5g6,Bg6g7][%mdl 32] White mates.} Ke6 88. g6 Bc6 89. Kg5 Be4 90. Kh6 Bd3 91. Bb6 Ke7 92. g7 Kf7 93. a7 Be4 {[%emt 0:00:03] [#]} 94. a8=Q $1 {[%emt 0:00:17][%mdl 64] Deflection, Promotion} Bxa8 95. Kh7 {[%emt 0:00:03] Weighted Error Value: White=0.15 (very precise) /Black=0.25 (precise)} 1-0

[Event "10th Cherry Blossom Classic 2023"]
[Site "Dulles"]
[Date "2023.05.29"]
[Round "7.19"]
[White "Laddha, Yash Jayesh"]
[Black "Slade, Theodore"]
[Result "1-0"]
[ECO "C65"]
[WhiteElo "2195"]
[BlackElo "2021"]
[Annotator "TA"]
[PlyCount "123"]
[EventDate "2023.05.24"]
[EventType "swiss"]
[EventCountry "USA"]
[SourceTitle "playchess.com"]
[Source "ChessBase"]
[SourceQuality "1"]
[TimeControl "5400+30"]

1. e4 e5 2. Nf3 Nc6 3. Bb5 Nf6 4. d3 Bc5 5. Bxc6 dxc6 6. Nbd2 {[%emt 0:00:04] C65: Ruy Lopez: Berlin Defence (3...Nf6), unusual lines and 4 0-0 Bc5.} Be6 7. O-O Nd7 {[%emt 0:02:29] 7...Bd6 deserves study.} 8. Nb3 {[%emt 0:00:09] Threatening Nxc5. The position is equal.} Bb6 9. Ng5 Bxb3 10. axb3 f6 11. Nf3 ({Much worse is} 11. Ne6 Qe7 12. Qg4 g6 $15) 11... Qe7 12. Nd2 O-O {[%emt 0:07:29] [#]} 13. Nc4 $146 ({Predecessor:} 13. Kh1 Bc5 14. Nc4 Bd6 15. f4 exf4 16. Nxd6 cxd6 17. Bxf4 a6 18. Qe1 Ne5 19. Bg3 {0-1 Tiglon,B (2368)-Moradiabadi,E (2537) US Open-120 Armageddon blitz 2019 (1)}) 13... Rfd8 14. Kh1 Nc5 15. Qg4 Qd7 16. Qg3 Ne6 17. Be3 Bxe3 18. Nxe3 a5 19. Qh4 Qd4 20. Qg4 Qd7 21. Qh4 b6 22. g3 Nd4 23. f4 exf4 24. Qxf4 Qd6 25. Qf2 (25. Qg4 {keeps more tension.} c5 26. Rf2 Nc6 27. Nf5) 25... Re8 26. Qf4 Rad8 27. Rae1 Qxf4 28. gxf4 Nxc2 {[%emt 0:05:59][%mdl 64] [#] Discovered Attack} 29. Nxc2 {[%emt 0:00:05] Strongly threatening Rf3.} Rxd3 30. Rf2 Rxb3 31. Na3 Rb4 32. e5 fxe5 33. fxe5 Rd4 34. e6 Rd6 35. Rfe2 $1 b5 36. Kg1 Kf8 37. Rf1+ Kg8 38. Rfe1 g6 (38... Kf8 $1 $11) 39. Nb1 $14 Re7 40. Nd2 a4 $1 {[%emt 0:01:41] Wards off Nb3} 41. Nf3 h6 42. Re4 c5 43. R1e2 c6 44. Kf2 Kg7 45. h4 Rd3 $2 {[%emt 0:01:05] [#]} (45... Kf6 $1 $11 {and Black is okay.}) 46. Rc2 $2 (46. h5 $1 $18 ) 46... Rd5 47. Rce2 Kf6 $2 {[%emt 0:00:28][%mdl 8192] White now steadily converts the win.} (47... Rd3 $11 {and Black stays safe.}) 48. Ne5 $18 Rd6 $2 (48... Kg7 $18 49. Nxc6 Re8) 49. Rf4+ {[%emt 0:00:21] White mates.} Kg7 50. Rf7+ Rxf7+ 51. Nxf7 ({Weaker is} 51. exf7 h5 $16) 51... Rxe6 52. Rxe6 Kxf7 53. Rxc6 {[%emt 0:00:04] KR-KP} b4 54. Rxc5 a3 55. bxa3 bxa3 {[%emt 0:00:04] KR-K3P} 56. Ra5 Kf6 57. Rxa3 Kf5 58. Kf3 Ke6 59. Kf4 Kf6 60. Ra6+ Kg7 61. Kg4 Kf7 62. h5 {[%emt 0:00:03] Weighted Error Value: White=0.10 (very precise) /Black=0.29 (precise)} 1-0

[Event "10th Cherry Blossom Classic 2023"]
[Site "Dulles"]
[Date "2023.05.29"]
[Round "7.20"]
[White "Baim, Elvin"]
[Black "Michelle Catherina, P."]
[Result "0-1"]
[ECO "E52"]
[WhiteElo "1728"]
[BlackElo "2193"]
[Annotator "TA"]
[PlyCount "56"]
[EventDate "2023.05.24"]
[EventType "swiss"]
[EventCountry "USA"]
[SourceTitle "playchess.com"]
[Source "ChessBase"]
[SourceQuality "1"]
[TimeControl "5400+30"]

1. d4 Nf6 2. c4 e6 3. Nc3 Bb4 4. Bd2 d5 5. e3 O-O 6. Nf3 b6 7. cxd5 exd5 8. Bd3 Bb7 9. O-O Bd6 10. Ne5 {[%emt 0:36:19] E52: Nimzo-Indian: Rubinstein: 4...0-0 5 Nf3 d5 6 Bd3 b6.} c5 11. f4 Nc6 12. Ne2 {[%emt 0:07:51] The position is equal.} Ne4 13. Bxe4 dxe4 14. Bc3 {[%emt 0:00:46] [#]} Nxe5 $146 ({Predecessor:} 14... Ne7 15. dxc5 Bxc5 16. Bd4 Rc8 17. Bxc5 Rxc5 {½-½ Lopes,M (2193)-Peiro Fernandez,J (2212) CUB-POR email 2019 [25]}) 15. fxe5 Bc7 16. Nf4 (16. Ng3 $5 ) 16... Qg5 17. Qh5 Bd8 (17... Qxh5 {simplifies} 18. Nxh5 cxd4 19. exd4 b5) 18. Qxg5 Bxg5 19. g3 cxd4 20. exd4 f6 21. Ne6 Be3+ 22. Kg2 Rf7 {[%emt 0:01:13] And now ...fxe5 would win.} 23. Rae1 Bh6 (23... Bd2 $5 24. Bxd2 e3+ {[%mdl 64] Discovered Attack} 25. Kg1 exd2 $15) 24. Nf4 ({White should play} 24. exf6 $11 e3+ 25. Kg1) 24... fxe5 25. dxe5 Raf8 26. Ne6 $2 (26. e6 $11 Rf5 27. e7) 26... e3+ $19 27. Kg1 {[%emt 0:00:36] [#]} Rf2 $1 28. Nxf8 (28. Rxf2 exf2+) 28... Rg2+ {[%emt 0:00:12][%mdl 32768] Weighted Error Value: White=0.98/Black=0.12 (very precise) . Loss on time!?} 0-1

[Event "10th Cherry Blossom Classic 2023"]
[Site "Dulles"]
[Date "2023.05.29"]
[Round "7.21"]
[White "Shoykhet, Benjamin"]
[Black "Ismayilova, Khanim"]
[Result "0-1"]
[ECO "A13"]
[WhiteElo "1919"]
[BlackElo "1562"]
[Annotator "RC"]
[PlyCount "80"]
[EventDate "2023.05.24"]
[EventType "swiss"]
[EventCountry "USA"]
[SourceTitle "playchess.com"]
[Source "ChessBase"]
[SourceQuality "1"]
[TimeControl "5400+30"]

1. c4 e6 2. g3 d5 3. Bg2 d4 4. e3 c5 5. exd4 cxd4 6. d3 Nf6 7. Nf3 Nc6 8. O-O Be7 9. Na3 O-O 10. Nc2 e5 11. Re1 Bg4 12. h3 Bxf3 13. Bxf3 Nd7 14. Bd2 a5 15. a3 Nc5 16. Qe2 Nb3 17. Rad1 Bd6 18. Bd5 Kh8 19. Qf3 Qb6 20. Na1 Nxd2 21. Rxd2 f5 22. h4 e4 23. dxe4 f4 24. e5 fxg3 25. Qxg3 Bxe5 26. Rxe5 Nxe5 27. Qxe5 Rae8 28. Qxd4 Re1+ 29. Kg2 Qg6+ 30. Kh3 Rxa1 31. Bxb7 Qe6+ 32. Qg4 Qb6 33. Rd7 Qxb2 34. Be4 Rxa3+ 35. Bd3 Qf6 36. f4 Rd8 37. Qe2 Rxd3+ 38. Rxd3 Qf5+ 39. Kg2 Qxd3 40. Qe6 Qg6+ 0-1

[Event "10th Cherry Blossom Classic 2023"]
[Site "Dulles"]
[Date "2023.05.29"]
[Round "7.22"]
[White "Vinod, Aarush"]
[Black "Samuelson, Andrew"]
[Result "0-1"]
[ECO "B06"]
[WhiteElo "1914"]
[BlackElo "2019"]
[Annotator "RC"]
[PlyCount "104"]
[EventDate "2023.05.24"]
[EventType "swiss"]
[EventCountry "USA"]
[SourceTitle "playchess.com"]
[Source "ChessBase"]
[SourceQuality "1"]
[TimeControl "5400+30"]

1. e4 c5 2. Nc3 g6 3. d4 Bg7 4. dxc5 Qa5 5. Bd2 Qxc5 6. Nd5 Na6 7. Nf3 e6 8. Bc3 Bxc3+ 9. Nxc3 Ne7 10. Bxa6 bxa6 11. Qd2 Bb7 12. O-O-O Rd8 13. h4 h6 14. Nd4 Qc7 15. f4 f5 16. h5 fxe4 17. hxg6 Nxg6 18. f5 exf5 19. Nxf5 d5 20. Ne2 Qe5 21. g4 Bc8 22. Rdf1 d4 23. Rxh6 e3 24. Rxh8+ Nxh8 25. Qb4 Ng6 26. Nfxd4 Ne7 27. Qa4+ Bd7 28. Qxa6 Bxg4 29. Qa4+ Rd7 30. Qb3 Rxd4 31. Nxd4 Qxd4 32. Qb5+ Bd7 33. Qb8+ Nc8 34. Qf4 Qxf4 35. Rxf4 Nd6 36. c4 Ke7 37. c5 Nf5 38. c6 Bc8 39. Ra4 a6 40. Kd1 Kd6 41. Rc4 Kd5 42. b3 Nd6 43. Rh4 Kxc6 44. Rh6 Bg4+ 45. Kc2 Kd5 46. Kd3 e2 47. Kd2 Ne4+ 48. Ke1 Nc5 49. Kd2 Bf3 50. Rh3 Nd3 51. Rxf3 e1=Q+ 52. Kxd3 Qe4+ 0-1

[Event "10th Cherry Blossom Classic 2023"]
[Site "Dulles"]
[Date "2023.05.29"]
[Round "8.1"]
[White "Antipov, Mikhail Al."]
[Black "Durarbayli, Vasif"]
[Result "1/2-1/2"]
[ECO "C54"]
[WhiteElo "2588"]
[BlackElo "2627"]
[Annotator "TA"]
[PlyCount "156"]
[EventDate "2023.05.24"]
[EventType "swiss"]
[EventCountry "USA"]
[SourceTitle "playchess.com"]
[Source "ChessBase"]
[SourceQuality "1"]
[TimeControl "5400+30"]

1. e4 e5 2. Nf3 Nc6 3. Bc4 Nf6 4. d3 Bc5 5. O-O d6 6. c3 a6 {[%emt 0:00:09] 6...a5 is a critical line.} 7. a4 {[%emt 0:00:04] C54: Giuoco Piano: 4 c3 Nf6, main lines with 5 d4 and 5 d3.} Ba7 8. Nbd2 O-O 9. h3 {[%emt 0:02:05] White has an edge.} h6 10. Re1 Re8 (10... Nh5 {keeps more tension.} 11. Nf1 Qf6 12. Be3 Be6) 11. b4 Ne7 12. Qb3 Rf8 13. d4 Ng6 14. a5 {[%emt 0:06:41] [#]} Nh5 $146 ({Predecessor:} 14... c6 15. dxe5 dxe5 16. Nf1 Nh5 17. Be3 Nhf4 18. Bxa7 Rxa7 19. Rad1 Qf6 20. N1h2 Ra8 21. Kh1 Be6 22. h4 Rad8 23. Bxe6 Nxe6 24. g3 {½-½ Sekowski,P (2323)-Gnilka,T (2325) RUS Winter-18B email 2017}) 15. Nf1 Nhf4 16. Qd1 Qf6 17. N1h2 b5 18. axb6 Bxb6 19. Bf1 a5 20. b5 Re8 21. Ng4 Bxg4 22. hxg4 Ne6 23. Be3 Nh4 24. Nxh4 Qxh4 {[%emt 0:00:01] [#]} 25. Bc4 (25. Ra4 $1 $16) 25... Rad8 (25... exd4 $11 26. cxd4 a4) 26. Bd5 Qf6 {[%emt 0:03:19][%cal Re5d4] Black is weak on the light squares} 27. Ra4 Nf4 28. Bc6 Re6 (28... Rf8 $16 {is a better defense.}) 29. g3 $18 Nh3+ 30. Kg2 Ng5 31. Bc1 {[%emt 0:03:01] Active counter play!} Qe7 32. Bd5 Rg6 33. f4 Nh7 34. f5 Rg5 35. Qf3 Nf6 36. Bxg5 hxg5 37. Re2 Re8 38. Bc6 Rf8 39. Kf1 g6 40. Rh2 Kg7 41. Ke2 (41. Kg2 $18) 41... d5 $1 $14 42. exd5 ({White should try} 42. Bxd5 $16 {And now Kd2 would win.} exd4 43. Kd2) 42... exd4+ $11 43. Kd1 Qe4 {[%emt 0:03:45] Dodges Re2} 44. Qxe4 Nxe4 45. Ra1 d3 46. d6 {[%emt 0:00:06][%mdl 64] [#] Deflection} Nxd6 47. Kd2 Nc4+ 48. Kxd3 Ne5+ 49. Ke4 Nxg4 50. Rd2 Nf6+ 51. Ke5 Ng4+ 52. Ke4 Nf6+ 53. Kf3 gxf5 54. Re1 Rh8 55. Re5 (55. c4 $5 ) 55... Rh1 56. Ke2 $1 (56. Rxf5 $2 {loses.} Rf1+ 57. Ke2 Rxf5 $19) 56... Rh2+ 57. Kd1 Ng4 {[%emt 0:00:36] Strongly threatening ...Rxd2+.} 58. Rxh2 {[%emt 0:00:31] Threatens to win with Ree2.} (58. Rxf5 $2 {too greedy.} Ne3+ 59. Kc1 Rxd2 60. Rxg5+ Kf6 61. Kxd2 Kxg5 $19) 58... Nxe5 {[%emt 0:00:05][%mdl 4096] Endgame KRB-KBN} 59. Bb7 a4 60. Ra2 Nc4 61. Ke2 a3 62. Bd5 Ne3 63. Bb3 g4 (63... Bc5 $11 {keeps the balance.}) 64. Rxa3 $16 {[%emt 0:00:12] White is better.} f4 65. gxf4 g3 66. Ra1 Nc4 67. Bxc4 {[%emt 0:00:42] Kf3 is the strong threat.} g2 68. Kf3 g1=Q 69. Rxg1+ Bxg1 {[%emt 0:00:06] KB-KB} 70. Ke4 Kf6 71. f5 Ke7 72. Kd5 f6 73. Kc6 Kd8 74. Be6 Bf2 75. c4 Be3 76. c5 Bf2 77. b6 cxb6 78. cxb6 Be3 {[%emt 0:00:10] White really could win this.   Weighted Error Value: White=0.14 (very precise) /Black=0.11 (very precise)} 1/2-1/2

[Event "10th Cherry Blossom Classic 2023"]
[Site "Dulles"]
[Date "2023.05.29"]
[Round "8.2"]
[White "Bora, Safal"]
[Black "Nyzhnyk, Illya"]
[Result "1/2-1/2"]
[ECO "D27"]
[WhiteElo "2462"]
[BlackElo "2644"]
[Annotator "TA"]
[PlyCount "29"]
[EventDate "2023.05.24"]
[EventType "swiss"]
[EventCountry "USA"]
[SourceTitle "playchess.com"]
[Source "ChessBase"]
[SourceQuality "1"]
[TimeControl "5400+30"]

1. d4 d5 2. c4 dxc4 3. Nf3 Nf6 4. e3 e6 5. Bxc4 a6 6. O-O c5 7. b3 b6 {[%emt 0:06:21] D27: Queen's Gambit Accepted: Classical main line: 7 e4!? and 7 a4.} 8. Ba3 $1 {[%emt 0:01:06][%mdl 4] now scores much better than the old 8.Bb2.} cxd4 9. Bxf8 ({But not} 9. exd4 Bxa3 10. Nxa3 Bb7 $15) 9... Kxf8 10. Nxd4 Qe7 11. Be2 g6 12. Nd2 Bb7 13. Bf3 (13. Nc4 $5 ) 13... Kg7 14. Nc4 {[%emt 0:00:52] [#]} Bxf3 $146 (14... b5 $5 15. Bxb7 Qxb7 $14) ({Predecessor:} 14... b5 15. Na5 Bxf3 16. Qxf3 Nd5 17. a3 {½-½ Gharamian,T (2586)-Edouard,R (2650) FRA-ch 94th Chartres 2019 (9)}) 15. Nxf3 {[%emt 0:09:04] Weighted Error Value: White=0.05 (flawless) /Black=0.05 (flawless)} 1/2-1/2

[Event "10th Cherry Blossom Classic 2023"]
[Site "Dulles"]
[Date "2023.05.29"]
[Round "8.3"]
[White "Kantor, Gergely"]
[Black "Khanin, Semen"]
[Result "1/2-1/2"]
[ECO "D38"]
[WhiteElo "2535"]
[BlackElo "2566"]
[Annotator "TA"]
[PlyCount "49"]
[EventDate "2023.05.24"]
[EventType "swiss"]
[EventCountry "USA"]
[SourceTitle "playchess.com"]
[Source "ChessBase"]
[SourceQuality "1"]
[TimeControl "5400+30"]

1. d4 d5 2. c4 e6 3. Nf3 Nf6 4. Nc3 Bb4 5. Qa4+ Nc6 6. e3 O-O 7. Bd2 {[%emt 0:00:45] The position is equal.} dxc4 {[%emt 0:00:31] D38: Queen's Gambit Declined: Ragozin Defence (4 Nf3 Bb4).} 8. Bxc4 Bd6 9. Qc2 e5 10. dxe5 Nxe5 11. Nxe5 Bxe5 12. f4 Bxc3 13. Bxc3 Ng4 14. Bd4 c5 15. Bxc5 {[%emt 0:01:22] This pair of bishops is nice.} Re8 16. O-O {[%emt 0:03:32] [#] A rather calm draw.   Weighted Error Value: White=0.03 (flawless) /Black=0.02 (flawless)} {Predecessor:} Nxe3 $146 17. Bxe3 Rxe3 18. Qf2 Re8 19. Rad1 Qf6 20. f5 Re5 21. Rd5 Bxf5 22. Rxe5 Qxe5 23. Bxf7+ Kxf7 24. Qxf5+ Qxf5 25. Rxf5+ {½-½ Xiong,J (2685)-So,W (2778) Chess.com Rapid Wk9 Swiss 2022 (6)} 1/2-1/2

[Event "10th Cherry Blossom Classic 2023"]
[Site "Dulles"]
[Date "2023.05.29"]
[Round "8.4"]
[White "Burke, John M"]
[Black "Marjanovic, Annamaria"]
[Result "1-0"]
[ECO "C54"]
[WhiteElo "2583"]
[BlackElo "2273"]
[Annotator "TA"]
[PlyCount "71"]
[EventDate "2023.05.24"]
[EventType "swiss"]
[EventCountry "USA"]
[SourceTitle "playchess.com"]
[Source "ChessBase"]
[SourceQuality "1"]
[TimeControl "5400+30"]

1. e4 e5 2. Nf3 Nc6 3. Bc4 Bc5 4. c3 Nf6 5. d3 d6 6. O-O O-O 7. h3 Bb6 8. Re1 {[%emt 0:01:38] C54: Giuoco Piano: 4 c3 Nf6, main lines with 5 d4 and 5 d3.} Ne7 9. d4 $1 {[%emt 0:03:36][%mdl 4] is currently scoring better than 9.Nbd2.} Ng6 10. Nbd2 {[%emt 0:02:21] The position is equal.} c6 11. a4 Re8 {[%emt 0:05:38] [#]} 12. Qb3 $146 ({Predecessor:} 12. dxe5 Nxe5 13. Nxe5 dxe5 14. Qb3 Qd7 15. Nf3 h6 16. Be3 Bxe3 17. Rxe3 Qc7 18. Rd1 {½-½ Sandu,M (2224)-Bucur,D (1838) ROM-ch (Women) 2016 (1)}) 12... Qe7 (12... d5 $5 13. exd5 Nxd5 $14) 13. a5 Bc7 14. dxe5 dxe5 15. Nf1 Rb8 16. Ng3 Be6 17. Be3 Bxc4 18. Qxc4 a6 (18... Qe6 $14 19. Qxe6 fxe6) 19. Ng5 ({White should play} 19. Nf5 Qe6 20. Qb4) 19... Nd7 20. Red1 $36 {[%emt 0:03:02][%mdl 2048] Nf5 is the strong threat. White has strong initiative.} Ndf8 21. Nf5 Qf6 22. Qb4 {[%emt 0:03:59] White has more active pieces.} (22. Nf3 $142) 22... Nf4 (22... b6 $16 {was worth a try.}) 23. Nf3 $18 g6 {[%emt 0:07:19] [#]} 24. Nh6+ Kg7 25. Ng4 Qe6 {[%emt 0:00:42] Black is weak on the dark squares} 26. Rd2 ({Don't play} 26. Bxf4 $6 exf4 27. e5 Qf5 $16) 26... f6 27. Ba7 {[%emt 0:00:44][%mdl 64] Deflection} Rbc8 (27... Ra8 $142) 28. Qxb7 Re7 29. Qxa6 Ra8 30. Qb7 {[%emt 0:00:27] Against Bb8} Rae8 31. Bc5 Rf7 32. Qb4 Rb8 33. Qa4 Nd7 34. Be3 {[%emt 0:00:25] aiming for Bxf4.} Ra8 $2 (34... h5) 35. Bxf4 {[%emt 0:01:20][%mdl 64] [#] Deflection} exf4 36. Nd4 {[%emt 0:00:09][%csl LRc6,LRe6] Weighted Error Value: White=0.09 (flawless) /Black=0.34} 1-0

[Event "10th Cherry Blossom Classic 2023"]
[Site "Dulles"]
[Date "2023.05.29"]
[Round "8.5"]
[White "Matviishen, Viktor"]
[Black "Tanenbaum, Zachary"]
[Result "1-0"]
[ECO "D20"]
[WhiteElo "2538"]
[BlackElo "2261"]
[Annotator "TA"]
[PlyCount "61"]
[EventDate "2023.05.24"]
[EventType "swiss"]
[EventCountry "USA"]
[SourceTitle "playchess.com"]
[Source "ChessBase"]
[SourceQuality "1"]
[TimeControl "5400+30"]

1. d4 d5 2. c4 dxc4 3. e3 e5 4. Bxc4 Nc6 5. Nf3 e4 6. Nfd2 {[%emt 0:00:09] D20: Queen's Gambit Accepted: 3 e3 and 3 e4.} (6. Qb3 $5 Nh6 7. Nfd2 $14) 6... Qg5 7. Nxe4 {[%emt 0:00:12] 7.Nxe4 is better than 7.g3.} Qxg2 8. Ng3 {[%emt 0:00:06] The position is equal.} Qh3 9. Qb3 (9. Qf3 Nf6 10. Bf1 Qg4 11. Qxg4 Bxg4 $11) 9... Nf6 (9... Bb4+ 10. Nc3 $16 (10. Bd2 Bxd2+ 11. Nxd2 Nh6 $16)) 10. Bxf7+ Kd8 11. Nc3 $36 {[%emt 0:00:14][%mdl 2048] Black must now prevent Bd2. White fights for an advantage.} Bd6 $1 12. Bd2 {[%emt 0:00:08] [#] Hoping for 0-0-0.} Rf8 $146 (12... Bxg3 $1 $11 {keeps the balance.} 13. fxg3 Bg4) ({Predecessor:} 12... Bxg3 13. fxg3 Bg4 14. Qxb7 Qg2 15. Rf1 Nb4 16. Qxb4 Ne4 17. Bc1 Qxh2 18. Rf4 Qg1+ {0-1 Bachmann,A (2603)-Navarrete Mendez,G (2185) Titled Tuesday intern op 27th Sep Early blitz 2022 (4)}) 13. O-O-O $16 Na5 {[%emt 0:04:46] [#]} (13... Qd7 $16) 14. Qa4 $1 $18 Rxf7 15. Qxa5 Bg4 {[%emt 0:02:03] [#] Wards off e4} (15... Qd7 $16 {was necessary.}) 16. Rde1 $1 {[%emt 0:18:23] e4 would be deadly.} Bf3 {[%emt 0:04:15] Against e4} 17. Rhf1 Bg2 {[%emt 0:07:47] Inhibits e4.} (17... Qe6 $16 18. e4 Qc4) 18. Rg1 {[%emt 0:00:16] aiming for e4.} Bxg3 19. hxg3 {[%emt 0:03:23] And now e4 would win.} Kd7 $2 (19... b6 20. Qa4 Bb7) 20. e4 Re8 21. e5 Ng4 22. e6+ {[%emt 0:06:14][%mdl 64] Decoy} Rxe6 23. Rxe6 {[%emt 0:00:04][%mdl 64] Remove Defender} ({Weaker is} 23. Qxa7 Nxf2 24. Kb1 Qf5+ 25. Ka1 Ra6 $15) 23... Kxe6 24. Re1+ Kd7 25. Nd5 (25. Qxa7 Nxf2 26. Re3 Qf5 27. Qa4+ (27. Qa8 Nd3+ 28. Kc2 Rf8 $17) 27... c6 $11) 25... Kd8 {[%emt 0:04:41] [#] Black is weak on the dark squares} 26. Qxa7 $1 {[%emt 0:00:44] White wants to mate with Qb8+.} Bxd5 (26... Nf6 27. Nxf6) 27. Qb8+ {[%emt 0:00:05] White mates.} Kd7 28. Qe8+ Kd6 29. Bf4+ {[%emt 0:00:15][%mdl 64] Deflection} Rxf4 30. Qe7+ ({Stronger than} 30. gxf4 b6 $11) 30... Kc6 31. Qc5+ {[%emt 0:00:03][%mdl 64] Deflection. Excellently played by Matviishen!   Weighted Error Value: White=0.02 (flawless) /Black=0.73} 1-0